 Dungeon Crawl Stone Soup version 0.22-b1-26-g9dbaab1 (webtiles) character file.

161 Doobh the Sneak (level 5, -5/32 HPs)
             Began as a Kobold Assassin on Aug 7, 2018.
             Killed from afar by Ijyb (19 damage)
             ... with a wand of acid (4)
             ... on level 3 of the Dungeon.
             The game lasted 00:09:03 (2386 turns).

Doobh the Sneak (Kobold Assassin)                   Turns: 2386, Time: 00:09:03

Health: -5/32      AC:  5    Str:  8    XL:     5   Next: 70%
Magic:  5/5        EV: 15    Int: 12    God:
Gold:   164        SH:  0    Dex: 18    Spells: 4/4 levels left

rFire    . . .     SeeInvis .   b - +0 blowgun
rCold    . . .     Gourm    .   (shield restricted)
rNeg     . . .     Faith    .   c - +0 robe
rPois    .         Spirit   .   i - +1 hat
rElec    .         Reflect  .   d - +0 cloak
rCorr    .         Harm     .   j - +0 pair of gloves
MR       .....                  (no boots)
Stlth    ++++......             (no amulet)
HPRegen  0.10/turn              (no ring)
MPRegen  0.09/turn              (no ring)

@: no status effects
A: small, carnivore
a: no special abilities


You were on level 3 of the Dungeon.
You were completely stuffed.

You visited 1 branch of the dungeon, and saw 3 of its levels.

You collected 164 gold pieces.

Inventory:

Hand Weapons
 a - a +2 dagger
 b - a +0 blowgun (weapon)
Missiles
 e - 20 poisoned needles (quivered)
 f - 2 curare-tipped needles
Armour
 c - a +0 robe (worn)
 d - a +0 cloak (worn)
 i - a +1 hat (worn)
 j - a +0 pair of gloves (worn)
Jewellery
 o - a cursed amulet of inaccuracy {unknown}
Scrolls
 h - 3 scrolls of identify {unknown}
 k - 2 scrolls of teleportation {unknown}
 l - 3 scrolls of remove curse {unknown}
 r - 2 scrolls of amnesia {unknown}
 s - 2 scrolls of fog {unknown}
Potions
 m - 2 potions of curing {unknown}
 n - a potion of invisibility {unknown}
 p - a potion of ambrosia {unknown}
Comestibles
 g - 7 rations
 q - 10 chunks of flesh


   Skills:
 + Level 2.8 Fighting
 + Level 4.2 Short Blades
 + Level 2.5 Throwing
 + Level 2.3 Dodging
 + Level 7.2 Stealth


You had 4 spell levels left.
You didn't know any spells.
Your spell library was empty.

Dungeon Overview and Level Annotations

Branches:
Dungeon (3/15)

Altars:
Fedhas
Xom

Annotations:
D:3 Ijyb


Innate Abilities, Weirdness & Mutations

You are small and have problems with some larger weapons.
You are carnivorous and can eat meat at any time.


Message History

You are too injured to fight recklessly!
Firing (i - inventory. (/) - cycle)
e - 23 poisoned needles (quivered)
Press: ? - help, Shift-Dir - straight line, f/p - Ijyb
Aim: Ijyb, wielding a dagger of speed, wearing a leather armour and carrying a wand of acid (4) (poisoned)
You shoot a poisoned needle. The poisoned needle hits Ijyb!
Ijyb looks even sicker.
Firing (i - inventory. (/) - cycle)
e - 22 poisoned needles (quivered)
Press: ? - help, Shift-Dir - straight line, f/p - Ijyb
Aim: Ijyb, wielding a dagger of speed, wearing a leather armour and carrying a wand of acid (4) (poisoned)
You shoot a poisoned needle.
The poisoned needle closely misses Ijyb.
Firing (i - inventory. (/) - cycle)
e - 21 poisoned needles (quivered)
Press: ? - help, Shift-Dir - straight line, f/p - Ijyb
Aim: Ijyb, wielding a dagger of speed, wearing a leather armour and carrying a wand of acid (4) (lightly wounded, poisoned)
You shoot a poisoned needle. The poisoned needle hits Ijyb!
Ijyb looks as sick as possible!
Ijyb is lightly wounded.
Ijyb zaps a wand.
The bolt of acid hits you!
Ouch! That really hurt!
You die...

#.. #)#8.(...8# .. #..###
###)#.......# . #....#
#...#8..(..8# #....#####
#.#.#.......#
#.#......###...#8.....8#..
#. #.####......##........#
.. #.####.....(.#g.......#
.# #....#.#.....#.######.#
.# ####.###.....@.# # .#
#.# #.....### .#
#.###.....# .###
#.#.).....#
...####...#######
##..##...##
#....>.#......#
#......######.# #.<...##


You could see Ijyb.

Vanquished Creatures
  A jelly (D:3)
  Jessica (D:2)
  Natasha (D:3)
  2 adders (D:2)
  A shadow imp (D:2)
  An ooze (D:1)
  A worm (D:2)
  3 leopard geckos
  4 orcs (D:3)
  2 giant cockroaches (D:1)
  7 goblins
  2 hobgoblins (D:1)
  An iguana (D:3)
  3 kobolds
  7 bats
  4 frilled lizards
  9 rats
50 creatures vanquished.

Notes
Turn   | Place    | Note
-------+----------+-------------------------------------------
     0 | D:1      | Doobh the Kobold Assassin began the quest for the Orb.
     0 | D:1      | Reached XP level 1. HP: 12/12 MP: 1/1
   162 | D:1      | Reached XP level 2. HP: 13/18 MP: 2/2
   325 | D:1      | Reached skill level 6 in Stealth
   428 | D:1      | Reached XP level 3. HP: 22/22 MP: 3/3
   673 | D:2      | Noticed Jessica
   675 | D:2      | Killed Jessica
   675 | D:2      | Reached XP level 4. HP: 27/27 MP: 4/4
  1243 | D:2      | Found a blossoming altar of Fedhas.
  1670 | D:3      | Noticed Natasha
  1678 | D:3      | Killed Natasha
  1678 | D:3      | Reached skill level 7 in Stealth
  1678 | D:3      | Reached XP level 5. HP: 31/31 MP: 5/5
  1795 | D:3      | Found a shimmering altar of Xom.
  2199 | D:3      | Noticed Ijyb
  2386 | D:3      | Killed from afar by Ijyb

Skill      XL: |  1  2  3  4  5 |
---------------+----------------+-----
Stealth        | 6 7 |  7.2
Short Blades   | 3 4 |  4.2
Dodging        | 2 |  2.3
Fighting       | |  2.8
Throwing       | |  2.5

Action                   |  1- 3 |  4- 6 || total
-------------------------+-------+-------++-------
Melee: Dagger            |    50 |   143 ||   193
 Fire: Blowgun           |       |     8 ||     8
 Stab: Sleeping          |     8 |     6 ||    14
  Eat: Chunk             |     8 |     5 ||    13
Armor: Robe              |    12 |    25 ||    37
Dodge: Dodged            |    24 |    88 ||   112
